 Dungeon Crawl Stone Soup version 0.21-a0-442-g848f44b (webtiles) character file.

88 tof the Twirler (level 4, -3/34 HPs)
             Began as a Demonspawn Gladiator on Nov 12, 2017.
             Slain by Grinder (9 damage)
             ... while paralysed by Grinder
             ... on level 3 of the Dungeon.
             The game lasted 00:02:08 (1213 turns).

tof the Twirler (Demonspawn Gladiator)              Turns: 1213, Time: 00:02:09

Health: -3/34      AC:  7    Str: 14    XL:     4   Next: 29%
Magic:  0/4        EV:  2    Int: 10    God:
Gold:   63         SH:  0    Dex: 15    Spells: 3/3 levels left

rFire    . . .     SeeInvis .   a - +0 quarterstaff
rCold    . . .     Gourm    .   (shield currently unavailable)
rNeg     . . .     Faith    .   b - +0 leather armour
rPois    .         Spirit   +   c - +0 helmet
rElec    .         Reflect  .   i - +0 cloak
rCorr    .         Harm     .   (no gloves)
MR       +....                  (no boots)
Stlth    +.........             (no amulet)
HPRegen  0.11/turn              j - ring of protection from magic
MPRegen  0.09/turn              (no ring)

@: paralysed
A: iridescent scales 1, magic shield
a: no special abilities


You were on level 3 of the Dungeon.
You were not hungry.

You visited 1 branch of the dungeon, and saw 3 of its levels.

You collected 63 gold pieces.

Inventory:

Hand Weapons
 a - a +0 quarterstaff (weapon)
Missiles
 d - 3 throwing nets
 l - 8 javelins (quivered)
Armour
 b - a +0 leather armour (worn)
 c - a +0 helmet (worn)
 i - a +0 cloak (worn)
Jewellery
 j - a ring of protection from magic (left hand)
Scrolls
 e - a scroll of fear {unknown}
 g - 3 scrolls of identify {unknown}
 n - 2 scrolls of enchant weapon {unknown}
 o - a scroll of teleportation {unknown}
Potions
 h - 2 potions of ambrosia {unknown}
 k - a potion of curing {unknown}
 m - a potion of lignification {unknown}
 q - a potion of might {unknown}
Books
 s - a book of Necromancy

   Spells                             Type                      Level
   a - Pain                           Necromancy                   1
   b - Animate Skeleton               Necromancy                   1
   c - Vampiric Draining              Necromancy                   3
   d - Regeneration                   Charms/Necromancy            3
   e - Animate Dead                   Necromancy                   4
   f - Control Undead                 Necromancy                   4
Comestibles
 f - 3 bread rations
 p - a meat ration
 r - 8 chunks of flesh


   Skills:
 + Level 2.7 Fighting
 * Level 3.6 Staves
 - Level 1.7 Throwing
 + Level 1.3 Armour
 + Level 3.1 Dodging


You had 3 spell levels left.
You didn't know any spells.

Dungeon Overview and Level Annotations

Branches:
Dungeon (3/15)

Altars:
Xom

Annotations:
D:3 Grinder


Innate Abilities, Weirdness & Mutations

You are partially covered in iridescent scales. (AC +2)
When hurt, damage is shared between your health and your magic reserves.


Message History

You are too injured to fight recklessly!
Grinder is nearby!
You are too injured to fight recklessly!
Grinder is nearby!
You are too injured to fight recklessly!
Grinder is nearby!
You are too injured to fight recklessly!
You hit Grinder but do no damage.
Grinder rolls her eyes.
Grinder gestures at you.
You suddenly lose the ability to move!
Grinder hits you.
You writhe in agony.
Grinder hits you.
You writhe in agony.
* * * LOW HITPOINT WARNING * * *
Grinder hits you.
* * * LOW HITPOINT WARNING * * *
You writhe in agony.
* * * LOW HITPOINT WARNING * * *
Grinder hits you!
You die...

... ### # # ### # #.###
#
###.#####[#..###########
.........##............#
######@#.#..#########.#
#5##.#.# #.# #.##.#.#
#.# #.##.#†# #.#
#.##.#.# #.# #.##.#.#
#.. #.##.#.# ###
#.##.#.# ####### .....
.......


You could see Grinder.

Vanquished Creatures
  3 adders (D:2)
  A worm (D:3)
  2 dart slugs
  A leopard gecko (D:1)
  5 orcs (D:3)
  A ball python (D:2)
  6 bats
  2 giant cockroaches
  3 hobgoblins (D:1)
  3 jackals (D:3)
  2 frilled lizards (D:2)
  8 goblins
  A jackal skeleton (D:3)
  7 kobolds
  4 rats
49 creatures vanquished.

Notes
Turn   | Place    | Note
-------+----------+-------------------------------------------
     0 | D:1      | tof the Demonspawn Gladiator began the quest for the Orb.
     0 | D:1      | Reached XP level 1. HP: 16/16 MP: 1/1
     1 | D:1      | Noticed an electric eel
   145 | D:1      | Gained mutation: When hurt, damage is shared between your health and your magic reserves. [demonic ancestry]
   145 | D:1      | Reached XP level 2. HP: 21/22 MP: 2/2
   424 | D:1      | Found a shimmering altar of Xom.
   699 | D:2      | Gained mutation: You are partially covered in iridescent scales. (AC +2) [demonic ancestry]
   699 | D:2      | Reached XP level 3. HP: 27/28 MP: 3/3
   724 | D:2      | Reached skill level 1 in Armour
  1008 | D:3      | Reached XP level 4. HP: 34/34 MP: 4/4
  1206 | D:3      | Noticed Grinder
  1209 | D:3      | Paralysed by Grinder for 7 turns
  1213 | D:3      | Slain by Grinder

Vault maps used:
D:1:      arrival_aquarium_a, xom_teletrap_fun
D:3:      uniq_grinder, uniq_crazy_yiuf_cottage, uniq_terence

Skill      XL: |  1  2  3 |
---------------+----------+-----
Staves         | 3 |  3.6
Armour         | 1 |  1.3
Dodging        | 3 |  3.1
Fighting       | |  2.7
Throwing       | |  1.7

Action                   |  1- 3 |  4- 6 || total
-------------------------+-------+-------++-------
Melee: Quarterstaff      |    91 |    51 ||   142
  Eat: Chunk             |       |     1 ||     1
Armor: Leather armour    |    43 |    16 ||    59
Dodge: Dodged            |    87 |    32 ||   119

Table legend:
 A = Spawn XP
 B = Non-spawn XP
 C = Spawn XP percentage of total XP
 D = Spawn monster count
 E = Non-spawn monster count
 F = Spawn count percentage of total count
 G = Total turns spent on level
                    A         B        C        D         E        F      G
               +---------+---------+-------+---------+---------+-------+---------
         Total |       0 |     126 |   0.0 |       0 |      49 |   0.0 |  1213
               +---------+---------+-------+---------+---------+-------+---------
           D:1 |       0 |      34 |   0.0 |       0 |      21 |   0.0 |   626
           D:2 |       0 |      54 |   0.0 |       0 |      13 |   0.0 |   377
           D:3 |       0 |      38 |   0.0 |       0 |      15 |   0.0 |   210
               +---------+---------+-------+---------+---------+-------+---------
